 Dungeon Crawl Stone Soup version 0.19.0 (webtiles) character file.

23 Jraekied the Sneak (level 2, 0/14 HPs)
             Began as a Vine Stalker Enchanter on Nov 13, 2016.
             Slain by an orc
             ... wielding a +0 flail
              (5 damage)
             ... on level 1 of the Dungeon.
             The game lasted 00:01:33 (852 turns).

Jraekied the Sneak (Vine Stalker Enchanter)          Turns: 852, Time: 00:01:33

Health: 0/14       AC:  3    Str: 10    XL:     2   Next: 95%
Magic:  0/6        EV: 12    Int: 15    God:
Gold:   44         SH:  0    Dex: 14    Spells: 2 memorised, 2 levels left

rFire  . . .     SeeInvis .     a - +1 dagger
rCold  . . .     Gourm    .     b - +1 robe
rNeg   . . .     Faith    .     (no shield)
rPois  .         Spirit   +     (no helmet)
rElec  .         Reflect  .     (no cloak)
rCorr  .         Harm     .     (no gloves)
MR     .....                    (no boots)
Stlth  ++........               (no amulet)
                                (no ring)
                                (no ring)

@: no status effects
A: fangs 2, magic shield, antimagic bite, no device heal 3, rot immunity
a: no special abilities


You were on level 1 of the Dungeon.
You were not hungry.

You visited 1 branch of the dungeon, and saw 1 of its levels.

You collected 44 gold pieces.

Inventory:

Hand Weapons
 a - a +1 dagger (weapon)
Armour
 b - a +1 robe (worn)
Scrolls
 e - a scroll of amnesia {unknown}
 f - 2 scrolls of fear {unknown}
 g - a scroll of enchant armour {unknown}
 i - a scroll of magic mapping {unknown}
 j - a scroll of teleportation {unknown}
Potions
 h - a potion of curing {unknown}
Books
 c - a book of Maledictions

   Spells                             Type                      Level
   a - Corona                         Hexes                        1
   b - Ensorcelled Hibernation        Hexes/Ice                    2
   c - Confuse                        Hexes                        3
   d - Tukima's Dance                 Hexes                        3
   e - Dazzling Spray                 Conjuration/Hexes            3
Comestibles
 d - a bread ration
 k - a beef jerky


   Skills:
 + Level 1.2 Fighting
 * Level 2.0 Short Blades
 - Level 1.5 Dodging
 - Level 3.6 Stealth
 - Level 2.1 Spellcasting
 - Level 3.0 Hexes


You had 2 spell levels left.
You knew the following spells:

 Your Spells              Type           Power        Failure   Level  Hunger
a - Corona                Hex            ##.....      8%          1    #......
b - Ensorcelled Hibernat  Hex/Ice        #.....       17%         2    ###....


Dungeon Overview and Level Annotations

Branches:
Dungeon (1/15)

Altars:


Innate Abilities, Weirdness & Mutations

You have extremely sharp teeth.
When hurt, damage is shared between your health and your magic reserves.
Your bite disrupts and absorbs the magic of your enemies.
Potions and wands cannot restore your health.
You are immune to rotting.


Message History

Aim: an orc, wielding a flail and wearing a ring mail (moderately wounded, chance to defeat MR: 63%)
The orc is outlined in light.
An orc comes into view. It is wielding a mace.
You are too injured to fight recklessly!
You barely miss the orc.
The orc is moderately wounded.
The orc barely misses you.
You hit the orc. You bite the orc, but do no damage.
The orc is moderately wounded.
The orc closely misses you.
You hit the orc but do no damage. You bite the orc. You drain its power.
You feel invigorated.
The orc is heavily wounded.
The orc misses you.
You hit the orc. You bite the orc, but do no damage.
The orc is severely wounded.
You closely miss the orc.
The orc is severely wounded.
The orc hits you with a flail!
You die...

#.#.###+###.#.#.........
#.##.......##.#.###.....
#.#.#######.#.#. #...###
#..#.......#..#. #......
#.###########.# #....## #
#.............# #....#
#.#######o#######.##....##
##)......#o#.......##[.(...
.........#@#.########......
.........'.........##..(.†.
.......).#..#......##......
..%....(.##>#......''....##
....(....####......##......
.........# ##'#######'#.##
.........# #.# #.#.#
#######+## #.# #.#.# #.#
#.#.#


You could see 2 orcs.

Vanquished Creatures
  An ooze (D:1)
  A dart slug (D:1)
  A leopard gecko (D:1)
  2 giant cockroaches (D:1)
  A hobgoblin (D:1)
  3 kobolds (D:1)
  3 bats (D:1)
  3 rats (D:1)
15 creatures vanquished.

Notes
Turn   | Place    | Note
-------+----------+-------------------------------------------
     0 | D:1      | Jraekied the Vine Stalker Enchanter began the quest for the Orb.
     0 | D:1      | Reached XP level 1. HP: 9/9 MP: 4/4
    75 | D:1      | Reached skill level 1 in Short Blades
   409 | D:1      | Reached XP level 2. HP: 14/14 MP: 4/6
   413 | D:1      | Learned a level 2 spell: Ensorcelled Hibernation
   480 | D:1      | Reached skill level 1 in Fighting
   852 | D:1      | Slain by an orc

Skill      XL: |  1  2 |
---------------+-------+-----
Short Blades   | 1 2 |  2.0
Fighting       | 1 |  1.2
Dodging        | |  1.5
Stealth        | |  3.6
Spellcasting   | |  2.1
Hexes          | |  3.0

Action                   || total
-------------------------++-------
Melee: Dagger            ||    57
       Bite              ||    15
 Cast: Corona            ||     5
 Stab: Sleeping          ||     2
Armor: Robe              ||    15
Dodge: Dodged            ||    43
